 Dungeon Crawl Stone Soup version 0.28.0-1-gb440e238dd (webtiles) character file.

Game seed: 8745751292225000644

1426 egresovca the Chopper (level 8, 0/74 HPs)
             Began as a Deep Dwarf Fighter on Feb 20, 2022.
             Was an Initiate of Makhleb.
             Slain by an ogre (30 damage)
             ... on level 6 of the Dungeon.
             The game lasted 00:06:17 (3934 turns).

egresovca the Chopper (Deep Dwarf Fighter)          Turns: 3934, Time: 00:06:17

Health: 0/74       AC:  7    Str: 28    XL:     8   Next: 44%
Magic:  7/7        EV:  9    Int:  9    God:    Makhleb [......]
Gold:   230        SH:  5    Dex: 12    Spells: 7/7 levels left

rFire   . . .      SeeInvis .   e - +1 broad axe
rCold   + . .      Faith    .   c - +0 buckler
rNeg    . . .      Spirit   .   b - +0 scale mail
rPois   .          Reflect  .   (no helmet)
rElec   .          Harm     .   (no cloak)
rCorr   .          Rampage  .   (no gloves)
Will    +....                   (no boots)
Stlth   ..........              (no amulet)
HPRegen 0.00/turn               j - ring of protection from cold
MPRegen 0.10/turn               p - +6 ring of strength

@: no status effects
A: damage resistance, heal wounds, sense surroundings 1, no regeneration
a: Heal Wounds, Renounce Religion


You were on level 6 of the Dungeon.
You worshipped Makhleb.
Makhleb was noncommittal.
You visited 2 branches of the dungeon, and saw 7 of its levels.

You collected 230 gold pieces.

Inventory:

Hand Weapons
 e - a +1 broad axe (weapon)
Missiles
 g - a throwing net
 h - 6 curare-tipped darts
Armour
 b - a +0 scale mail (worn)
 c - a +0 buckler (worn)
Jewellery
 j - a ring of protection from cold (left hand)
 m - a ring of magical power
 p - a +6 ring of strength (right hand)
Wands
 r - a wand of flame (24)
Scrolls
 a - a scroll of enchant weapon
 f - 2 scrolls of teleportation
 l - 3 scrolls of identify
Potions
 d - a potion of might
 i - 2 potions of lignification {unknown}
 k - a potion of curing {unknown}
 n - a potion of berserk rage {unknown}
 q - a potion of brilliance {unknown}


   Skills:
 + Level 5.0 Fighting
 * Level 6.8 Axes
 + Level 6.0 Armour
 + Level 6.0 Shields
 + Level 3.9 Invocations


You had 7 spell levels left.
You didn't know any spells.
Your spell library contained the following spells:

 Spells                   Type           Power      Damage    Failure   Level
 Blink                    Tloc           0%         N/A       85%         2
 Lesser Beckoning         Tloc           0%         N/A       97%         3
 Passage of Golubria      Tloc           0%         N/A       100%        4
 Manifold Assault         Tloc           0%         N/A       100%        5
 Silence                  Hex/Air        0%         N/A       100%        5
 Lehudib's Crystal Spear  Conj/Erth      0%         10d2      100%        8


Dungeon Overview and Level Annotations

Branches:
Dungeon (6/15)             Temple (1/1) D:4

Altars:
Ashenzari
Cheibriados
Dithmenos
Elyvilon
Fedhas
Gozag
Makhleb
Qazlal
Ru
Trog
Uskayaw
Wu Jian
Xom
Zin
The Shining One

Shops:
D:1 (   D:5 (


Innate Abilities, Weirdness & Mutations

You are resistant to damage.
You can heal yourself by infusing magical energy.
You passively map a small area around you.
You do not regenerate.


Message History

Your Shields skill increases to level 6!
You swing at nothing.
You swing at nothing.
Found a chain mail.
Found a stone staircase leading down.
You enter the shallow water.
Moving in this stuff is going to be slow.
You now have 230 gold pieces (gained 16).
n - a coppery potion Done exploring.
Done exploring.
Done exploring.
(D) Dungeon (T) Temple
Where to? (Enter - D:4 @ (x,y), ? - help)
There is a stone staircase leading down here.
You climb downwards.
The ogre shouts!
You hear a shout!
There is a stone staircase leading up here.
An ogre is nearby!
You feel much better.
You hit the ogre but do no damage. The ogre closely misses you.
You barely miss the ogre. The ogre barely misses you.
You slice the ogre!!
The ogre is severely wounded.
The ogre hits you with a +0 giant club!!
You are too injured to fight recklessly!
You are too injured to fight recklessly!
You are too injured to fight recklessly!
You are too injured to fight recklessly!
You are too injured to fight recklessly!
You hit the ogre but do no damage.
The ogre is severely wounded.
The ogre closely misses you.
You hit the ogre.
The ogre is severely wounded.
The ogre hits you with a +0 giant club.
You barely miss the ogre.
The ogre is severely wounded.
The ogre hits you with a +0 giant club!!
You die...

* * , *
####### *
#.....# ,
,###.....####
,,,
........... ,
, ##O....## ,
#..@....# ,
*#.#.###.# #
#.# ,#.# * *
#.. * * ###
*** , * , , ,
, ,, , * *


You could see an ogre.

Vanquished Creatures
  Pikel (D:4)
  Sigmund (D:5)
  Duvessa (D:5)
  A necrophage (D:4)
  A sky beast (D:5)
  A phantom (D:4)
  2 lemures (D:4)
  3 scorpions
  Dowan (D:5)
  A centaur zombie (D:5)
  A hound (D:4)
  A centaur skeleton (D:5)
  A howler monkey zombie (D:5)
  3 adders
  An ufetubus (D:5)
  5 worms
  3 dart slugs
  18 orcs
  5 bats
  6 endoplasms
  3 giant cockroaches
  4 goblins
  5 hobgoblins
  5 kobolds
  5 quokkas
  3 training dummies (D:5)
  8 ball pythons
  3 frilled lizards
  3 rats
96 creatures vanquished.

Notes
Turn   | Place    | Note
-------+----------+-------------------------------------------
     0 | D:1      | egresovca the Deep Dwarf Fighter began the quest for the
                  | Orb.
     0 | D:1      | Reached XP level 1. HP: 20/20 MP: 1/1
   214 | D:1      | Reached XP level 2. HP: 25/27 MP: 2/2
   229 | D:1      | Found Hanoxim's Weapon Boutique.
   790 | D:2      | Identified the +0 ring mail of Wasted Space {Str+4 Int-5
                  | Stlth+}
   858 | D:2      | Reached XP level 3. HP: 27/34 MP: 3/3
  1391 | D:3      | Reached XP level 4. HP: 31/42 MP: 4/4
  1419 | D:3      | Found an ornate altar of the Wu Jian Council.
  1421 | D:3      | Found a white marble altar of Elyvilon.
  1421 | D:3      | Found an opulent altar of Gozag.
  2054 | D:4      | Noticed a necrophage
  2074 | D:4      | Killed a necrophage
  2075 | D:4      | Reached XP level 5. HP: 38/49 MP: 4/4
  2207 | D:4      | Noticed a phantom
  2224 | D:4      | Killed a phantom
  2231 | D:4      | Reached XP level 6. HP: 24/57 MP: 5/5
  2578 | D:4      | Found a staircase to the Ecumenical Temple.
  2685 | Temple   | Entered the Ecumenical Temple
  2740 | Temple   | Became a worshipper of Makhleb the Destroyer
  2981 | D:5      | Entered Level 5 of the Dungeon
  2981 | D:5      | Noticed Pikel
  3110 | D:4      | Killed Pikel
  3111 | D:4      | Reached skill level 5 in Axes
  3111 | D:4      | Reached skill level 5 in Armour
  3111 | D:4      | Reached skill level 5 in Shields
  3111 | D:4      | Reached XP level 7. HP: 44/66 MP: 3/5
  3252 | D:5      | Noticed Dowan
  3253 | D:5      | Noticed Duvessa
  3281 | D:5      | Noticed Sigmund
  3324 | D:5      | Killed Dowan
  3326 | D:5      | Killed Duvessa
  3327 | D:5      | Reached XP level 8. HP: 51/73 MP: 5/7
  3519 | D:5      | Found a snail-covered altar of Cheibriados.
  3556 | D:5      | Killed Sigmund
  3649 | D:5      | Found Ypnak's Firing Range.
  3864 | D:5      | Reached skill level 5 in Fighting
  3934 | D:6      | Slain by an ogre

Illustrated notes

Levels and vault maps discovered:
D:1:      scummos_arrival_checkerplants, layout_loops_corners, serial_shops,
          nicolae_shop_advertising_works [nicolae_subvault_shop_adworks]
D:2:      layout_basic, minmay_tetromino_i2
D:3:      layout_rooms, minitemple, kennysheep_generic_room_14
D:4:      layout_layer_cave, minmay_temple_entry_poolview
D:5:      layout_rooms, kennysheep_slug_shrine, roderic_serpentine_path,
          minivault_4, corexii_item_surrounded_by_moat,
          amcnicky_mini_corridor_feature, nicolae_shop_firing_range,
          uniq_duvessa, uniq_pikel, uniq_sigmund
D:6:      layout_basic, amcnicky_altar_gilded, uniq_eustachio
Temple:   nicolae_temple_elliptical

Skill      XL: |  1  2  3  4  5  6  7  8 |
---------------+-------------------------+-----
Fighting       | 3 4 5 |  5.0
Axes           | 3 4 5 6 |  6.8
Armour         | 4 5 6 |  6.0
Shields        | 4 5 6 |  6.0
Invocations    | 2 3 |  3.9

Action                   |  1- 3 |  4- 6 |  7- 9 || total
-------------------------+-------+-------+-------++-------
Melee: War axe           |    99 |   153 |     3 ||   255
       Broad axe         |       |       |    76 ||    76
 Abil: Heal Wounds       |     1 |     5 |     4 ||    10
  Use: Scroll            |       |       |     7 ||     7
Armor: Scale mail        |    44 |    68 |    32 ||   144
Dodge: Dodged            |    58 |    67 |    37 ||   162
Block: Buckler           |    16 |    52 |    22 ||    90
